 Dungeon Crawl Stone Soup version 0.28-a0-1182-g381e24db82 (webtiles) character file.

Game seed: 3735400137657083909

70 Lavandula the Changer (level 4, 0/32 HPs)
             Began as a Formicid Transmuter on Dec 17, 2021.
             Slain by Crazy Yiuf (16 damage)
             ... on level 2 of the Dungeon.
             The game lasted 00:03:18 (2197 turns).

Lavandula the Changer (Formicid Transmuter)         Turns: 2197, Time: 00:03:19

Health: 0/32       AC:  6    Str: 15    XL:     4   Next: 45%
Magic:  5/7        EV: 19    Int: 14    God:
Gold:   53         SH:  0    Dex: 16    Spells: 1/7 levels left

rFire   . . .      SeeInvis .     - Unarmed
rCold   . . .      Faith    .   (shield currently unavailable)
rNeg    . . .      Spirit   .   (armour currently unavailable)
rPois   x          Reflect  .   (helmet unavailable)
rElec   .          Harm     .   (cloak currently unavailable)
rCorr   .          Rampage  .   (gloves currently unavailable)
Will    .....                   (boots currently unavailable)
Stlth   +.........              (no amulet)
HPRegen 0.10/turn               d - +4 ring of protection
MPRegen 0.10/turn               (no ring)

@: spider-form (expiring)
A: venomous fangs, permanent stasis, dig shafts and tunnels, tiny, (antennae 3),
four strong arms
a: End Transformation


You were on level 2 of the Dungeon.
You were a venomous arachnid creature.
You visited 1 branch of the dungeon, and saw 2 of its levels.

You collected 53 gold pieces.

Inventory:

Armour
 a - a +0 robe (melded)
Jewellery
 d - a +4 ring of protection (left front leg)
Scrolls
 f - a scroll of summoning {unknown}
 g - 2 scrolls of teleportation {unknown}
 j - 2 scrolls of identify {unknown}
Potions
 b - a potion of curing
 c - a potion of haste {unknown}
 e - a potion of brilliance {unknown}
 h - a potion of mutation {unknown}
 i - a potion of ambrosia {unknown}


   Skills:
 - Level 1.1 Fighting
 - Level 1.7 Dodging
 - Level 3.0 Unarmed Combat
 - Level 2.1 Spellcasting
 + Level 4.0 Transmutations
 - Level 3.0 Poison Magic


You had one spell level left.
You knew the following spells:

 Your Spells              Type           Power      Damage    Failure   Level
a - Beastly Appendage     Tmut           24%        N/A       14%         1
b - Wereblood             Tmut           12%        N/A       19%         2
c - Spider Form           Tmut/Pois      11%        N/A       36%         3

Your spell library contained the following spells:

 Spells                   Type           Power      Damage    Failure   Level
 Ice Form                 Ice/Tmut       7%         N/A       87%         4


Dungeon Overview and Level Annotations

Branches:
Dungeon (2/15)

Altars:

Annotations:
D:2 Crazy Yiuf


Innate Abilities, Weirdness & Mutations

You are a venomous arachnid creature.
You have poisonous fangs.
You are tiny and dextrous.
Your spellcasting is less reliable in this form.
Your armour is entirely melded.
You are incapable of wielding weapons or throwing items.
You cannot be hasted, slowed, berserked, paralysed or teleported.
You can dig through walls and to a lower floor.
((You have a pair of large antennae on your head. (SInv)))
Your four strong arms can wield two-handed weapons with a shield.


Message History

Could not explore, unopened runed door.
Could not explore, unopened runed door.
Could not explore, unopened runed door.
Casting: Beastly Appendage (safe; 4% risk of failure)
Confirm with . or Enter, or press ? or * to list all spells.
The spell is quite dangerous to miscast (17% risk of failure)!
Continue anyway?
You turn into a venomous arachnid creature.
Your +0 robe melds into your body.
As you open the door, it creaks loudly!
You hit Crazy Yiuf.
Crazy Yiuf is poisoned.
Crazy Yiuf is lightly wounded.
Crazy Yiuf hits you with a +3 quarterstaff of chaos!
Crazy Yiuf freezes you.
You hit Crazy Yiuf.
Crazy Yiuf is heavily wounded.
Crazy Yiuf misses you.
You hit Crazy Yiuf but do no damage.
Crazy Yiuf looks even sicker.
Crazy Yiuf is heavily wounded.
Crazy Yiuf barely misses you.
You hit Crazy Yiuf.
Crazy Yiuf looks as sick as possible!
Crazy Yiuf is heavily wounded.
Crazy Yiuf drinks a potion.
Crazy Yiuf is healed!
Crazy Yiuf looks more healthy.
You hit Crazy Yiuf.
Crazy Yiuf is poisoned.
Crazy Yiuf is lightly wounded.
Crazy Yiuf hits you with a +3 quarterstaff of chaos.
You are poisoned.
You feel very sick.
You feel very sick.
Crazy Yiuf glowers.
* * * LOW HITPOINT WARNING * * *
You feel sick.
You feel better.
Your transformation is almost over.
Crazy Yiuf closely misses you.
You hit Crazy Yiuf.
Crazy Yiuf is moderately wounded.
Crazy Yiuf hits you with a +3 quarterstaff of chaos!
Ouch! That really hurt!
You die...

####### ###
###s#...###
#...##.g#......##
#...'.####......#
#)..### ##..#..#
### #####.# ##.#
#..# ### ### #.##
#.# #.######.#


You could see Crazy Yiuf (very poisoned).

Vanquished Creatures
  Robin (D:2)
  2 dart slugs (D:1)
  5 endoplasms
  5 giant cockroaches
  9 goblins
  6 hobgoblins
  3 jackals (D:2)
  2 quokkas
  2 ball pythons (D:1)
  2 bats (D:1)
  2 frilled lizards
  3 kobolds
  6 rats
48 creatures vanquished.

Notes
Turn   | Place    | Note
-------+----------+-------------------------------------------
     0 | D:1      | Lavandula the Formicid Transmuter began the quest for the
                  | Orb.
     0 | D:1      | Reached XP level 1. HP: 15/15 MP: 3/3
   220 | D:1      | Reached XP level 2. HP: 13/21 MP: 3/5
   223 | D:1      | Learned a level 2 spell: Wereblood
   514 | D:1      | Reached skill level 3 in Transmutations
   768 | D:1      | Reached XP level 3. HP: 18/26 MP: 6/6
   772 | D:1      | Learned a level 3 spell: Spider Form
   868 | D:1      | Found a faded altar of an unknown god.
  1007 | D:1      | Reached skill level 1 in Poison Magic
  1116 | D:2      | Noticed Robin
  1158 | D:2      | Killed Robin
  1163 | D:2      | Reached XP level 4. HP: 32/32 MP: 2/7
  1729 | D:2      | Found a runed translucent door.
  1730 | D:2      | Noticed Crazy Yiuf
  1967 | D:2      | Reached skill level 4 in Transmutations
  2197 | D:2      | Slain by Crazy Yiuf

Illustrated notes

Levels and vault maps discovered:
D:1:      lemuel_arrival_lava_pool, layout_basic,
          hellmonk_ecumenical_altar_heavens_door, minmay_statues_item,
          minmay_cut_off
D:2:      layout_loops_ring, kennysheep_generic_room_3, uniq_robin,
          uniq_crazy_yiuf_cottage

Skill      XL: |  1  2  3  4 |
---------------+-------------+-----
Transmutations | 3 4 |  4.0
Poison Magic   | 2 3 |  3.0
Fighting       | |  1.1
Dodging        | |  1.7
Unarmed Combat | |  3.0
Spellcasting   | |  2.1

Action                   |  1- 3 |  4- 6 || total
-------------------------+-------+-------++-------
Melee: Unarmed           |    68 |    60 ||   128
       Kick              |    14 |     5 ||    19
       Punch             |       |     1 ||     1
 Cast: Beastly Appendage |    12 |     4 ||    16
       Spider Form       |     4 |     4 ||     8
       Wereblood         |     1 |       ||     1
  Use: Potion            |       |     1 ||     1
Armor: Robe              |     9 |     3 ||    12
       Skin              |     3 |     5 ||     8
Dodge: Dodged            |    42 |    36 ||    78

Table legend: (Time is in decaauts)
 A = Elapsed time spent in this place.
 B = Non-inter-level travel time spent in this place.
 C = Inter-level travel time spent in this place.
 D = Time resting spent in this place.
 E = Time spent auto-exploring this place.
 F = Levels seen in this place.
 G = Mean time per level.
                   A        B        C        D        E       F      G
               +--------+--------+--------+--------+--------+-----+--------+
         Total |   2190 |   2173 |     17 |     37 |   1827 |   2 | 1095.0 |
       Dungeon |   2190 |   2173 |     17 |     37 |   1827 |   2 | 1095.0 |
               +--------+--------+--------+--------+--------+-----+--------+

Top non-repeatable levels by time:
     D:1: 1148 daAuts
     D:2: 1041 daAuts
